 Dungeon Crawl Stone Soup version 0.29.1-2-gbd0b4ee654 (webtiles) character file.

Game seed: 3219788752230558840

7732 Garga the Severer (level 11, -15/97 HPs)
             Began as a Minotaur Berserker on Nov 23, 2022.
             Was a High Priest of Trog.
             Demolished by a death yak (20 damage)
             ... on level 9 of the Dungeon on Nov 24, 2022.
             The game lasted 00:55:48 (8411 turns).

Garga the Severer (Minotaur Berserker)              Turns: 8411, Time: 00:55:48

Health: -15/97     AC: 11    Str: 31    XL:     11   Next: 0%
Magic:  10/10      EV: 10    Int:  4    God:    Trog [*****.]
Gold:   635        SH:  0    Dex: 11    Spells: 10/10 levels left

rFire   . . .      SeeInvis .   K - +3 battleaxe
rCold   . . .      Faith    +   (shield currently unavailable)
rNeg    . . .      Spirit   .   M - +0 chain mail
rPois   .          Reflect  .   C - +0 hat
rElec   .          Harm     .   (no cloak)
rCorr   +          Rampage  .   (no gloves)
Will    ++...                   F - +1 pair of boots of Cocytus {+Blink Regen+ rCorr}
Stlth   ..........              c - amulet of faith
HPRegen 2.06/turn               E - +6 ring of strength
MPRegen 0.12/turn               (no ring)

@: strong-willed (expiring), on berserk cooldown, regenerating (expiring),
slowed, very slow
A: horns 2, retaliatory headbutt
a: Renounce Religion, Evoke Blink, Berserk, Trog's Hand, Brothers in Arms


You were on level 9 of the Dungeon.
You worshipped Trog.
Trog was extremely pleased with you.
You visited 1 branch of the dungeon, and saw 9 of its levels.

You collected 635 gold pieces.

Inventory:

Hand Weapons
 l - a +0 executioner's axe
 K - a +3 battleaxe (weapon)
Armour
 C - a +0 hat (worn)
 F - the +1 pair of boots of Cocytus (worn) {+Blink Regen+ rCorr}
   (You found it on level 6 of the Dungeon)

   +Blink:    It lets you blink.
   Regen:     It increases your rate of health regeneration.
   rCorr:     It protects you from acid and corrosion.
 M - a +0 chain mail (worn)
Jewellery
 c - an amulet of faith (around neck)
 E - a +6 ring of strength (left hand)
 G - a +6 ring of strength
Wands
 u - a wand of roots (14)
Scrolls
 a - 3 scrolls of identify
 e - 3 scrolls of fear {unknown}
 f - 6 scrolls of teleportation
 i - 5 scrolls of enchant weapon
 m - 4 scrolls of noise
 n - a scroll of blinking {unknown}
 r - a scroll of enchant armour {unknown}
 s - 2 scrolls of amnesia {unknown}
 t - a scroll of vulnerability {unknown}
 w - a scroll of summoning {unknown}
 y - 2 scrolls of magic mapping {unknown}
 D - a scroll of poison {unknown}
 I - a scroll of brand weapon {unknown}
 J - a scroll of acquirement {unknown}
Potions
 j - 2 potions of invisibility
 k - 3 potions of brilliance
 o - 6 potions of curing
 p - 2 potions of ambrosia
 q - 2 potions of might
 v - 2 potions of heal wounds
 x - 2 potions of haste {unknown}
 z - a potion of attraction {unknown}
 A - a potion of resistance
 B - 2 potions of mutation {unknown}


   Skills:
 + Level 9.5 Fighting
 * Level 17.3 Axes
 - Level 2.5 Armour
 + Level 5.0 Dodging
 - Level 1.2 Stealth


You had 10 spell levels left.
You didn't know any spells.
Your spell library was empty.

Dungeon Overview and Level Annotations

Branches:
Dungeon (9/15)             Temple (0/1) D:5            Lair (0/5) D:9
    Orc: D:9-12

Altars:
Hepliaklqana
Kikubaaqudgha
Vehumet
Wu Jian


Innate Abilities, Weirdness & Mutations

You have a pair of horns on your head.
You reflexively headbutt those who attack you in melee.


Message History

You hit the death yak but do no damage.
The death yak is lightly wounded.
The death yak gores you!
You slice the wyvern!!
You kill the wyvern!
Trog accepts your kill.
You slash the death yak! You hit the death yak. You headbutt the death yak.
The death yak is moderately wounded.
The death yak gores you!
You slice the death yak!! You headbutt the death yak!
The death yak is almost dead.
You barely miss the death yak. You headbutt the death yak.
The death yak is almost dead.
The death yak gores you!!
* * * LOW HITPOINT WARNING * * *
You barely miss the death yak.
The death yak is almost dead.
The death yak gores you!
* * * LOW HITPOINT WARNING * * *
You slash the death yak! You headbutt the death yak.
You kill the death yak!
Trog accepts your kill.
You cut the yak into ribbons!!!
You kill the yak!
Trog accepts your kill.
You have reached level 11!
You are no longer berserk.
You are exhausted.
You feel yourself slow down.
You hit the death yak.
The death yak is lightly wounded.
The death yak completely misses you.
You slash the death yak!
The death yak is lightly wounded.
The death yak gores you!!
* * * LOW HITPOINT WARNING * * *
You feel the effects of Trog's Hand fading.
The death yak gores you!!
You die...

........####......#######
........+).>.#.####
..[......)########
...#######.......#
##.#......≈≈≈≈≈≈.#
#.#.≈≈≈≈≈.....≈.#
#.#.≈....####.≈.####
##)#.≈.###...#.≈.#..# ####
...#.≈.#_.≈≈.#.≈@#..+.....
...#.≈.#...≈.#.≈Y#........
..≈.#.≈.#...≈.#.≈.YH.#....
..≈.#.≈.##._≈.#.≈Y..(.....
..≈.#.≈...≈≈≈.#.≈.........
..≈.#.≈≈≈≈....#.≈........H
##≈.#.....#####.≈.#.......
#≈.######.. ..≈.#....>?.
#≈.. ≈≈≈≈≈≈≈.#.......


You could see a death yak and a yak.

Vanquished Creatures
  3 death yaks (D:9)
  A cyclops (D:8)
  A gargoyle (D:8)
  A kobold demonologist (D:8)
  A wyvern (D:9)
  2 yaks
  Grum (D:8)
  2 steam dragons (D:8)
  2 water moccasins
  3 ice beasts
  3 sky beasts
  A black bear (D:8)
  An orc warrior (D:8)
  3 wolves (D:8)
  An ogre (D:4)
  2 phantoms (D:6)
  5 centaurs
  3 kobold brigands
  7 bullfrogs
  4 scorpions
  A necrophage (D:6)
  10 wights
  A killer bee (D:8)
  3 howler monkeys (D:7)
  5 hounds
  2 orc priests
  A gnoll bouda (D:8)
  4 iguanas
  11 orc wizards
  3 gnolls (D:4)
  7 adders
  A shadow imp (D:8)
  2 white imps
  4 worms
  2 dart slugs
  28 orcs
  5 bats
  4 endoplasms
  2 giant cockroaches
  4 goblins
  8 hobgoblins
  4 jackals (D:4)
  6 quokkas
  11 ball pythons
  2 frilled lizards
  15 kobolds
  7 rats
200 creatures vanquished.

Notes
Turn   | Place    | Note
-------+----------+-------------------------------------------
     0 | D:1      | Garga the Minotaur Berserker began the quest for the Orb.
     0 | D:1      | Reached XP level 1. HP: 19/19 MP: 0/0
   182 | D:1      | Reached XP level 2. HP: 25/27 MP: 1/1
   266 | D:1      | Found a faded altar of an unknown god.
   324 | D:1      | Reached skill level 4 in Axes
   471 | D:1      | Reached ** piety under Trog
   776 | D:1      | Reached XP level 3. HP: 27/33 MP: 2/2
  1544 | D:2      | Identified the +1 leather armour of the Wicked Alphagorgon
                  | {rPois rF+ Int-4 Dex+9}
  1608 | D:2      | Reached XP level 4. HP: 41/41 MP: 3/3
  1953 | D:3      | Reached skill level 5 in Axes
  2694 | D:4      | You fall into a shaft and drop 3 floors!
  2747 | D:7      | Noticed a bullfrog
  2751 | D:7      | Killed a bullfrog
  2752 | D:7      | Reached skill level 6 in Axes
  2752 | D:7      | Reached XP level 5. HP: 47/47 MP: 4/4
  2780 | D:7      | Reached *** piety under Trog
  2781 | D:7      | Reached skill level 5 in Fighting
  2781 | D:7      | Reached XP level 6. HP: 56/56 MP: 5/5
  2805 | D:7      | Reached skill level 7 in Axes
  2937 | D:7      | Noticed a sky beast
  2947 | D:7      | Killed a sky beast
  3164 | D:7      | Reached skill level 8 in Axes
  3215 | D:6      | Reached XP level 7. HP: 57/61 MP: 6/6
  3237 | D:5      | Entered Level 5 of the Dungeon
  3396 | D:5      | Reached skill level 9 in Axes
  3396 | D:5      | Reached skill level 1 in Stealth
  3775 | D:5      | Found an ornate altar of the Wu Jian Council.
  4077 | D:5      | Found a staircase to the Ecumenical Temple.
  4353 | D:4      | Reached skill level 10 in Axes
  4353 | D:4      | Reached XP level 8. HP: 70/70 MP: 7/7
  4879 | D:4      | Reached **** piety under Trog
  5771 | D:6      | Reached skill level 11 in Axes
  6138 | D:6      | Identified the +1 pair of boots of Cocytus {+Blink Regen+
                  | rCorr}
  6337 | D:6      | Found a radiant altar of Vehumet.
  6695 | D:7      | Reached skill level 12 in Axes
  6769 | D:7      | Reached XP level 9. HP: 78/78 MP: 8/8
  7022 | D:8      | Reached ***** piety under Trog
  7023 | D:8      | Reached skill level 13 in Axes
  7191 | D:8      | Reached skill level 14 in Axes
  7262 | D:8      | Noticed a gargoyle
  7275 | D:8      | Killed a gargoyle
  7346 | D:8      | Noticed Grum
  7355 | D:8      | Killed Grum
  7356 | D:8      | Reached skill level 15 in Axes
  7356 | D:8      | Reached XP level 10. HP: 55/88 MP: 9/9
  7834 | D:8      | Noticed a rust devil
  8206 | D:8      | Noticed a cyclops
  8214 | D:8      | Killed a cyclops
  8215 | D:8      | Reached skill level 16 in Axes
  8302 | D:9      | Found an ancient bone altar of Kikubaaqudgha.
  8341 | D:9      | Found a hazy altar of Hepliaklqana.
  8348 | D:9      | Noticed a death yak
  8350 | D:9      | Found a staircase to the Lair.
  8362 | D:9      | Killed a death yak
  8363 | D:9      | Reached skill level 5 in Dodging
  8379 | D:9      | Noticed a death yak
  8379 | D:9      | Noticed a manticore
  8380 | D:9      | Noticed a death yak
  8389 | D:9      | Noticed a death yak
  8390 | D:9      | Noticed a death yak
  8395 | D:9      | Killed a death yak
  8396 | D:9      | Reached skill level 17 in Axes
  8405 | D:9      | Killed a death yak
  8408 | D:9      | Reached XP level 11. HP: 21/97 MP: 10/10
  8410 | D:9      | HP: 2/97 [death yak (18)]
  8411 | D:9      | Demolished by a death yak

Illustrated notes

Levels and vault maps discovered:
D:1:      dpeg_arrival_arbitrary_a, layout_loops_ring, basic_ecumenical_altar,
          minmay_misc_feat_ornament, minmay_tetromino_t4
D:2:      layout_rooms
D:3:      layout_loops_ring
D:4:      layout_basic, small_statue_alley_b, kennysheep_generic_room_12
D:5:      layout_layer_cave, nicolae_wu_jian_wuxing_cycle,
          minmay_temple_entry_fiery
D:6:      layout_loops_ring, mainiacjoe_overflow_surrounded_room
D:7:      layout_rooms, kennysheep_potato
D:8:      cheibrodos_ideogram_h, layout_cave_pools, nrook_mini_vaults, uniq_grum
D:9:      layout_roguey, nicolae_overflow_squiral, dpeg_lair_monsters,
          nicolae_stop_n_shop_1

Skill      XL: |  1  2  3  4  5  6  7  8  9 10 |
---------------+-------------------------------+-----
Fighting       | 4 5 6 7 9 |  9.5
Axes           | 4 6 8 10 12 15 17 | 17.3
Dodging        | 3 4 5 |  5.0
Stealth        | 1 |  1.2
Armour         | |  2.5

Action                   |  1- 3 |  4- 6 |  7- 9 | 10-12 || total
-------------------------+-------+-------+-------+-------++-------
Melee: Hand axe          |    83 |     7 |       |       ||    90
       Headbutt          |     9 |     9 |    30 |    28 ||    76
       Punch             |     2 |       |       |       ||     2
       Executioner's axe |       |    54 |   211 |       ||   265
       Battleaxe         |       |       |    44 |   108 ||   152
Invok: Berserk           |       |     1 |     3 |     3 ||     7
       Trog's Hand       |       |       |     1 |     2 ||     3
  Use: Scroll            |       |       |     8 |     1 ||     9
Armor: Animal skin       |     1 |       |       |       ||     1
       Leather armour    |     3 |       |       |       ||     3
       Scale mail        |    19 |    28 |   100 |     7 ||   154
       Chain mail        |       |       |       |    38 ||    38
Dodge: Dodged            |    44 |    28 |   179 |    48 ||   299
